Map: Orbital Shipyard

Players

puCK (Nina) - Winner!

  • Race: Protoss Protoss
  • League: Grandmaster

Light (SpeCial)

  • Race: Terran Terran
  • League: Master

VOD

Have the link to the VOD?

Description

Time

  • Played on: Dec. 4, 2015, 11:42 p.m.
  • Length: 10:12
Show
View Real Time Build Order
Export as new Build Order

puCK Protoss - Winner!

Build Orders: Nexus First, Blink Stalkers 

Get SALT Encoding   

  12  0:01  Probe (Chrono Boost)  
  13  0:11  Probe (Chrono Boost)  
  14  0:18  Pylon  
  14  0:22  Probe (Chrono Boost)  
  15  0:36  Probe (Chrono Boost)  
  16  0:47  Probe (Chrono Boost)  
  17  0:57  Nexus  
  17  1:00  Probe (Chrono Boost)  
  18  1:10  Gateway  
  18  1:14  Probe (Chrono Boost)  
  18  1:18  Assimilator  
  19  1:24  Probe (Chrono Boost)  
  20  1:26  Assimilator  
  20  1:32  Pylon  
  20  1:36  Probe (Chrono Boost)  
  21  1:46  Probe (Chrono Boost)  
  22  1:49  Gateway  
  22  1:59  Cybernetics Core  
  22  2:02  Probe (Chrono Boost)  
  22  2:09  Probe (Chrono Boost)  
  22  2:14  Probe (Chrono Boost)  
  24  2:20  Probe (Chrono Boost)  
  25  2:24  Probe (Chrono Boost)  
  26  2:30  Probe (Chrono Boost)  
  26  2:35  Probe (Chrono Boost), Warp Gate  
  28  2:41  Mothership Core (Chrono Boost)  
  30  2:45  Probe (Chrono Boost)  
  30  2:50  Twilight Council  
  31  2:56  Probe (Chrono Boost)  
  32  2:59  Probe (Chrono Boost)  
  33  3:06  Nexus  
  33  3:08  Probe (Chrono Boost)  
  33  3:10  Probe (Chrono Boost)  
  35  3:19  Probe (Chrono Boost)  
  36  3:20  Pylon  
  36  3:21  Probe (Chrono Boost), Blink (Chrono Boost)  
  37  3:29  Probe  
  37  3:30  Probe  
  39  3:39  Robotics Facility  
  39  3:41  Probe x2  
  39  3:46  Pylon  
  41  3:51  Probe  
  41  3:53  Probe  
  43  4:00  Gateway  
  43  4:02  Probe, Gateway  
  43  4:06  Probe  
  43  4:08  Gateway  
  45  4:12  Probe  
  45  4:15  Gateway  
  46  4:18  Probe  
  46  4:23  Probe, Assimilator x2  
  47  4:25  Probe  
  47  4:26  Observer (Chrono Boost)  
  50  4:32  Probe, Pylon  
  50  4:33  Probe  
  50  4:38  Probe  
  53  4:44  Stalker x2  
  57  4:48  Warp Prism (Chrono Boost)  
  57  4:49  Probe  
  57  4:51  Probe  
  57  4:52  Probe  
  62  5:01  Probe  
  62  5:02  Probe  
  62  5:04  Probe  
  65  5:09  Stalker x2  
  65  5:12  Probe  
  65  5:13  Probe  
  65  5:14  Robotics Bay  
  70  5:16  Probe  
  72  5:22  Pylon  
  72  5:23  Probe  
  72  5:25  Probe  
  72  5:28  Probe  
  75  5:33  Probe  
  76  5:36  Pylon  
  76  5:37  Probe  
  76  5:40  Pylon  
  77  5:42  Stalker  
  77  5:43  Stalker x4  
  77  5:46  Observer (Chrono Boost)  
  77  5:47  Stalker, Probe  
  77  5:48  Probe  
  77  5:49  Charge  
  93  5:50  Probe  
  93  6:01  Probe  
  93  6:08  Assimilator  
  93  6:09  Assimilator  
  93  6:11  Pylon x2  
  95  6:14  Observer (Chrono Boost)  
  95  6:17  Stalker x2  
  95  6:18  Stalker, Forge  
  99  6:21  Pylon  
  99  6:26  Stalker  
  97  6:39  Probe  
  98  6:41  Stalker  
  98  6:42  Stalker x5  
  98  6:43  Probe  
  111  6:54  Pylon  
  111  6:57  Protoss Ground Armor Level 1 (Chrono Boost), Photon Cannon  
  111  6:58  Photon Cannon  
  111  6:59  Disruptor (Chrono Boost)  
  114  7:07  Zealot x2  
  118  7:08  Gateway  
  118  7:09  Gateway  
  118  7:11  Pylon, Photon Cannon  
  118  7:13  Zealot x3  
  124  7:16  Zealot  
  124  7:20  Gravitic Drive  
  123  7:32  Probe  
  123  7:34  Zealot x4  
  123  7:35  Zealot  
  134  7:46  Disruptor (Chrono Boost)  
  134  7:47  Photon Cannon  
  134  7:50  Photon Cannon  
  137  7:58  Zealot x5  
  135  7:59  Zealot  
  143  8:11  Pylon  
  143  8:12  Pylon  
  143  8:13  Zealot x2  
  143  8:18  Disruptor  
  142  8:20  Zealot x3  
  147  8:33  Zealot x3  
  132  8:38  Zealot x2  
  124  8:49  Zealot x3  
  130  8:58  Templar Archives  
  130  9:03  Nexus  
  130  9:04  Sentry x2  
  130  9:05  Zealot x3  
  138  9:12  Disruptor  
  132  9:23  Zealot x2  
  139  9:24  Sentry  
  141  9:33  Zealot x3  
  141  9:34  Zealot x2  
  146  9:48  Zealot x3  
  139  10:02  Zealot x5  
  133  10:10  Zealot x3  
Show
View Real Time Build Order
Export as new Build Order

Light Terran 

Build Orders:  

Get SALT Encoding   

  12  0:00  SCV  
  13  0:13  SCV  
  14  0:17  Supply Depot  
  14  0:25  SCV  
  15  0:39  SCV  
  15  0:40  Barracks  
  16  0:51  SCV  
  17  1:03  SCV  
  18  1:13  Command Center  
  18  1:16  SCV  
  19  1:27  Marine  
  19  1:29  Orbital Command  
  20  1:40  Supply Depot  
  20  1:45  Marine  
  21  1:50  Refinery  
  21  1:51  Refinery  
  21  1:54  SCV  
  22  2:03  Marine  
  22  2:06  SCV  
  24  2:13  Bunker  
  24  2:18  SCV  
  24  2:22  Marine  
  25  2:26  Orbital Command  
  26  2:31  SCV  
  27  2:37  Factory  
  27  2:43  SCV  
  28  2:47  Barracks Reactor  
  28  2:53  SCV  
  28  2:55  SCV  
  30  3:05  SCV  
  31  3:08  SCV  
  32  3:17  SCV  
  32  3:18  Supply Depot  
  33  3:20  SCV  
  33  3:21  Factory Tech Lab, Starport  
  33  3:24  Marine x2  
  36  3:29  SCV  
  36  3:32  SCV  
  38  3:39  Cyclone  
  41  3:41  SCV, Marine x2  
  41  3:44  SCV  
  45  3:51  Command Center  
  45  3:53  SCV  
  46  3:57  Supply Depot  
  46  3:58  SCV  
  46  3:59  Marine x2  
  46  4:00  Starport Tech Lab  
  49  4:05  SCV  
  50  4:15  SCV  
  53  4:17  Marine  
  53  4:18  SCV, Refinery, Marine  
  53  4:20  Raven  
  53  4:23  Barracks  
  55  4:28  SCV, Barracks  
  55  4:31  SCV  
  57  4:35  Marine  
  57  4:36  Marine  
  59  4:40  SCV  
  59  4:41  Supply Depot  
  59  4:43  SCV  
  59  4:44  Refinery  
  61  4:52  SCV  
  62  4:53  Supply Depot  
  62  5:02  Marine x2  
  62  5:03  SCV, Siege Tank, Orbital Command  
  62  5:04  Supply Depot  
  62  5:06  Banshee  
  71  5:09  SCV  
  72  5:15  SCV  
  72  5:18  Barracks Tech Lab  
  72  5:20  Bunker  
  73  5:21  SCV  
  73  5:27  SCV, Marine  
  76  5:29  Barracks Tech Lab  
  76  5:30  SCV  
  76  5:33  SCV  
  76  5:35  Siege Tank  
  81  5:37  Marine, Marauder  
  83  5:45  Supply Depot x2, Marine  
  83  5:49  Concussive Shells, Marauder  
  86  5:52  Banshee  
  89  5:57  Combat Shields  
  89  6:03  Marauder  
  91  6:09  Engineering Bay  
  91  6:10  Engineering Bay, Orbital Command  
  91  6:12  Marine x2  
  91  6:13  Marauder  
  91  6:18  Siege Tank  
  98  6:22  SCV x2  
  98  6:24  Marauder  
  100  6:36  Marine x2  
  102  6:43  SCV x3, Barracks  
  102  6:45  Barracks  
  102  6:47  Terran Infantry Weapons Level 1, Terran Infantry Armor Level 1, Starport Reactor  
  102  6:53  Missile Turret  
  102  6:57  SCV x2  
  102  6:59  Marine x2  
  102  7:00  Marauder x2  
  102  7:01  Factory Reactor  
  110  7:02  SCV  
  110  7:04  Supply Depot  
  110  7:05  Supply Depot  
  111  7:09  SCV x2  
  111  7:11  Stimpack  
  111  7:14  SCV, Refinery  
  114  7:17  Missile Turret, Marine x2  
  114  7:19  Bunker  
  114  7:21  SCV  
  117  7:27  Medivac  
  117  7:28  Medivac  
  122  7:30  SCV x2  
  122  7:33  SCV  
  122  7:37  Refinery, Marine  
  124  7:38  Marauder, Marine  
  124  7:39  Barracks Reactor, Marauder x2  
  126  7:44  Widow Mine  
  126  7:45  Widow Mine  
  126  7:47  SCV x2  
  129  7:59  Medivac x2  
  129  8:01  Armory  
  133  8:07  Supply Depot x2  
  133  8:08  Marauder, Marine x2  
  133  8:09  Marauder x2  
  141  8:16  SCV  
  141  8:18  SCV  
  141  8:19  SCV  
  138  8:21  Marine x2  
  138  8:26  Marine x2  
  130  8:30  Marauder x3  
  130  8:32  SCV x3  
  115  8:39  Marine  
  115  8:40  Marine  
  108  8:44  SCV  
  108  8:45  SCV x2  
  111  8:49  Widow Mine x2  
  111  8:50  Medivac  
  111  8:51  Marauder x2  
  120  8:56  SCV  
  120  8:57  Medivac  
  120  8:58  Marine x3  
  120  8:59  Marine  
  127  9:07  SCV x2  
  127  9:09  SCV  
  126  9:17  Marine  
  126  9:18  Marine x2  
  126  9:22  Marauder x2  
  133  9:26  Supply Depot  
  133  9:27  Supply Depot  
  125  9:43  Marauder x2, Marine  
  125  9:45  Marine x3  
Tags
 
Add a new tag
Caveats
  • Supply blocks, unpowered buildings, or Contaminate may cause inaccurate times.
  • Supply counts are checked every 10 seconds.